Map: Lost and Found LE

Players

BoO

  • Race: Zerg Zerg
  • Spawn Location: 7:00

Bioice - Winner!

  • Race: Zerg Zerg
  • Spawn Location: 1:00

Event: WCS Austin 2018

VOD

Have the link to the VOD?

Description

Time

  • Played on: June 1, 2018, 1:26 p.m.
  • Length: 8:41

All games in this series

Show
View Real Time Build Order
Export as new Build Order

BoO Zerg 

Build Orders: Hatch First, Zergling Baneling 

Get SALT Encoding   

  12  0:01  Drone  
  13  0:13  Overlord  
  13  0:17  Drone  
  14  0:32  Drone x2  
  16  0:36  Drone  
  17  0:53  Hatchery  
  17  0:56  Drone  
  17  0:59  Drone  
  17  1:01  Extractor  
  17  1:14  Spawning Pool  
  17  1:17  Drone  
  17  1:20  Drone  
  18  1:31  Drone  
  19  1:43  Overlord  
  19  2:01  Metabolic Boost  
  19  2:03  Queen  
  19  2:05  Queen  
  19  2:06  Zergling x2  
  19  2:07  Zergling x2  
  25  2:10  Zergling x2  
  26  2:16  Drone x2  
  28  2:23  Drone  
  28  2:27  Drone  
  30  2:42  Hatchery  
  29  2:50  Baneling Nest  
  28  2:53  Drone x2  
  30  2:58  Overlord  
  30  3:05  Zergling x4  
  32  3:17  Zergling x2  
  32  3:18  Zergling x4  
  32  3:19  Drone x3  
  38  3:28  Drone x3  
  38  3:32  Drone  
  42  3:44  Baneling, Drone x2  
  42  3:46  Overlord  
  44  3:50  Roach Warren  
  44  3:51  Baneling  
  44  3:52  Baneling x3  
  41  4:12  Zergling x2  
  41  4:13  Zergling x14  
  48  4:23  Zergling x2  
  48  4:24  Zergling x4  
  49  4:36  Drone  
  50  4:40  Evolution Chamber  
  50  4:41  Overlord x2  
  50  4:44  Drone  
  50  4:54  Baneling x2, Overlord x2  
  50  4:59  Baneling x3  
  52  5:01  Drone x3  
  52  5:02  Drone  
  54  5:11  Roach x2  
  54  5:12  Roach  
  59  5:18  Drone x2  
  59  5:19  Drone x2  
  45  5:38  Roach x5  
  45  5:39  Roach x2  
  53  5:54  Drone x2  
  53  5:55  Extractor x2  
  53  5:59  Zergling x2  
  54  6:05  Drone  
  55  6:15  Drone x2  
  57  6:20  Drone  
  57  6:22  Queen  
  57  6:25  Lair  
  60  6:26  Zergling x2  
  60  6:31  Zergling x2  
  62  6:33  Drone x3  
  62  6:34  Drone x2  
  67  6:43  Baneling x2  
  67  6:45  Drone x2  
  67  6:46  Overlord, Drone  
  68  6:55  Overlord  
  68  6:59  Baneling x2  
  68  7:04  Hatchery  
  68  7:05  Drone  
  68  7:06  Drone x3  
  70  7:28  Hatchery, Drone x5  
  74  7:45  Overseer  
  74  7:46  Ravager  
  74  7:47  Hatchery  
  74  7:50  Baneling x2  
  74  7:54  Roach  
  74  7:55  Roach x4  
  84  8:11  Extractor, Unknown  
  83  8:23  Overlord x2  
Show
View Real Time Build Order
Export as new Build Order

Bioice Zerg - Winner!

Build Orders: Hatch First, Zergling Baneling 

Get SALT Encoding   

  12  0:02  Drone  
  13  0:13  Overlord  
  13  0:17  Drone  
  14  0:31  Drone x2  
  16  0:50  Hatchery  
  16  0:52  Drone  
  16  0:56  Drone  
  17  0:58  Drone  
  18  1:06  Extractor  
  17  1:14  Spawning Pool  
  17  1:17  Drone  
  17  1:21  Drone  
  18  1:31  Drone  
  19  1:41  Drone  
  20  1:49  Overlord  
  20  2:04  Queen x2  
  20  2:06  Zergling x4  
  26  2:09  Metabolic Boost  
  26  2:13  Drone x2  
  28  2:24  Drone x2  
  30  2:36  Zergling x2  
  30  2:37  Zergling x2  
  32  2:46  Hatchery  
  32  2:51  Baneling Nest  
  30  2:56  Queen  
  32  3:04  Overlord  
  32  3:07  Drone x2  
  32  3:09  Drone  
  35  3:13  Drone  
  36  3:28  Zergling x6  
  36  3:29  Zergling x8  
  43  3:40  Baneling x2  
  43  3:41  Baneling  
  43  3:42  Baneling  
  43  3:45  Zergling x2  
  44  4:01  Baneling x4  
  43  4:14  Baneling  
  43  4:15  Baneling  
  43  4:23  Drone  
  40  4:26  Drone x9  
  40  4:30  Baneling  
  46  4:40  Zergling x6  
  49  4:47  Baneling  
  49  4:48  Zergling x2  
  49  4:51  Overlord  
  49  4:52  Overlord  
  50  5:02  Overlord x2  
  48  5:15  Zergling x12  
  48  5:18  Extractor  
  48  5:19  Drone x2, Roach Warren  
  53  5:27  Drone x2  
  53  5:28  Drone x2  
  51  5:34  Zergling x18  
  57  5:41  Zergling x2  
  54  5:52  Queen  
  54  5:55  Overlord  
  56  5:58  Drone x5  
  56  6:01  Extractor  
  56  6:03  Drone x2  
  56  6:04  Drone  
  63  6:06  Lair  
  63  6:07  Evolution Chamber  
  63  6:08  Drone  
  63  6:12  Roach  
  63  6:17  Roach  
  66  6:20  Roach x4  
  66  6:22  Roach  
  76  6:28  Drone x2  
  76  6:30  Drone  
  79  6:34  Zerg Missile Weapons Level 1  
  79  6:35  Drone x3  
  82  6:46  Drone  
  83  6:47  Roach x3  
  83  6:53  Overlord  
  89  6:54  Overlord  
  89  7:04  Overlord  
  89  7:06  Glial Reconstitution  
  89  7:09  Overlord x2  
  89  7:12  Drone x5  
  91  7:16  Drone x3  
  91  7:17  Drone  
  91  7:22  Roach  
  97  7:25  Roach x4  
  105  7:31  Roach  
  105  7:36  Roach x4  
  116  7:37  Roach  
  116  7:41  Roach x2  
  116  7:42  Roach  
  122  7:44  Overseer  
  122  7:48  Overlord  
  122  7:49  Overlord  
  124  7:51  Roach  
  124  7:52  Roach  
  126  7:59  Roach  
  126  8:04  Unknown  
  128  8:05  Overlord  
  128  8:06  Overlord  
  128  8:14  Roach x3  
  128  8:15  Roach  
Tags
 
Add a new tag
Caveats
  • Supply blocks, unpowered buildings, or Contaminate may cause inaccurate times.
  • Supply counts are checked every 10 seconds.